 Dungeon Crawl Stone Soup version 0.31-a0-360-gb3e1d13bf4 (webtiles) character file.

Game seed: 16946941380687449151

73383 Aradia the Necromancer (level 15, -6/81 HPs)
             Began as a Demonspawn Conjurer on July 26, 2023.
             Was a High Priest of Hepliaklqana.
             Mangled by a fire elemental (9 damage)
             ... summoned by a deep elf pyromancer
             ... on level 1 of the Elven Halls on July 27, 2023.
             The game lasted 02:21:55 (25439 turns).

Aradia the Necromancer (Demonspawn Conjurer)       Turns: 25439, Time: 02:21:56

Health: -6/81      AC: 16    Str:  7    XL:     15   Next: 3%
Magic:  30/38      EV: 11    Int: 36    God:    Hepliaklqana [*****.]
Gold:   1155       SH:  0    Dex: 18    Spells: 5/35 levels left

rFire   . . .        n - +3 dagger "Onyab" {elec, Int+5 Dex-2}
rCold   + . .        x - orb {guile}
rNeg    + . .        s - +1 troll leather armour
rPois   .            (helmet unavailable)
rElec   .            k - +2 cloak {rC+}
rCorr   .            H - +2 pair of gloves
SInv    .            p - +1 pair of boots
Will    .....        c - dreamdust necklace {Acrobat}
Stlth   ++           C - ring "Atujowou" {Fly rN+ MP+9 Dex+6}
HPRegen 2.13/turn    I - +6 ring of intelligence
MPRegen 0.26/turn

%: acrobat
@: mighty, animating dead, flying, invisible
A: reduced essence, horns 3, slimy green scales 2, powered by death 3, powered
by pain 1
a: Renounce Religion, Recall Ancestor, Ancestor Identity, Transference, Idealise


You were on level 1 of the Elven Halls.
You worshipped Hepliaklqana.
Hepliaklqana was extremely pleased with you.
You visited 6 branches of the dungeon, and saw 22 of its levels.
You also visited: Bailey and Ice Cave.

You collected 2939 gold pieces.
You spent 1784 gold pieces at shops.


Innate Abilities, Weirdness & Mutations

Your life essence is reduced to manifest your ancestor. (-10% HP)
You have a pair of large horns on your head.
You are mostly covered in slimy green scales. (AC +3)
You regenerate a lot of health from kills.
You sometimes gain a little power by taking damage.


   Skills:
 - Level 1.7 Dodging
 - Level 1.7 Stealth
 + Level 10.8 Spellcasting
 - Level 8.2 Conjurations
 - Level 12.5 Summonings
 - Level 18.7 Necromancy
 - Level 5.0 Poison Magic
 - Level 8.7 Evocations


You had 5 spell levels left.
You knew the following spells:

 Your Spells              Type           Power      Damage    Failure   Level
a - Animate Dead          Necr           100%       N/A       0%          4
b - Borgnjor's Vile Clut  Necr/Erth      36%        N/A       1%          5
d - Death Channel         Necr           50%        N/A       1%          6
h - Haunt                 Necr/Summ      46%        N/A       4%          7
m - Magic Dart            Conj           100%       1d8       1%          1
M - Mephitic Cloud        Conj/Pois/Air  50%        N/A       1%          3
Y - Anguish               Hex/Necr       36%        N/A       1%          4

Your spell library contained the following spells:

 Spells                   Type           Power      Damage    Failure   Level
 Kiss of Death            Conj/Necr      100%       2d13      0%          1
 Necrotise                Necr           100%       1d9       0%          1
 Summon Small Mammal      Summ           100%       N/A       1%          1
 Call Imp                 Summ           100%       N/A       1%          2
 Searing Ray              Conj           100%       2d8       1%          2
 Dazzling Flash           Conj/Hex       98%        N/A       1%          3
 Hailstorm                Conj/Ice       49%        3d11      1%          3
 Apportation              Tloc           38%        N/A       3%          1
 Freeze                   Ice            76%        1d8       3%          1
 Scorch                   Fire           38%        2d6       4%          2
 Flame Wave               Conj/Fire      49%        2d12      6%          4
 Fulminant Prism          Conj/Hex       24%        3d12      6%          4
 Iskenderun's Mystic Bla  Conj/Tloc      49%        2d11      6%          4
 Frozen Ramparts          Ice            38%        1d6       10%         3
 Vhi's Electric Charge    Tloc/Air       38%        N/A       10%         3
 Volatile Blastmotes      Fire/Tloc      38%        2d13      10%         3
 Arcjolt                  Conj/Air       24%        1d34      16%         5
 Cause Fear               Hex            9%         N/A       32%         4
 Alistair's Intoxication  Tmut/Pois      24%        N/A       32%         5
 Lee's Rapid Deconstruct  Erth           9%         3d7*      65%         5
 Summon Cactus Giant      Summ           41%        N/A       3%          6
 Borgnjor's Revivificati  Necr           50%        N/A       10%         8
 Death's Door             Necr           50%        N/A       83%         9
 Plasma Beam              Fire/Air       9%         2x1d20    99%         6
 Enfeeble                 Hex            9%         N/A       100%        7
 Fire Storm               Conj/Fire      24%        8d6       100%        9

Inventory:

Hand Weapons
 n - the +3 dagger "Onyab" (weapon) {elec, Int+5 Dex-2}
   (You found it on level 2 of the Lair of Beasts)

   Int:       It affects your intelligence (+5).
   Dex:       It affects your dexterity (-2).
 P - a +2 short sword of distortion {!w}
   (You took it off Sonja on level 1 of the Orcish Mines)
Missiles
 g - 42 poisoned darts (quivered)
 Q - 5 curare-tipped darts {=f}
 W - 6 atropa-tipped darts
Armour
 k - a +2 cloak of cold resistance (worn)
   (You found it in an ice cave)
 p - a +1 pair of boots (worn)
   (You bought it in a shop on level 2 of the Orcish Mines)
 s - a +1 troll leather armour (worn)
   (You found it on level 11 of the Dungeon)
 x - an orb of guile (worn)
   (You found it on level 1 of the Lair of Beasts)
 F - the +6 chain mail of Lies {Harm +Inv rN+ Int+4}
   (You found it on level 1 of the Lair of Beasts)

   Int:       It affects your intelligence (+4).
   rN:        It protects you from negative energy.
   +Inv:      It lets you turn invisible.
   Harm:      It increases damage dealt and taken.
 H - a +2 pair of gloves (worn)
   (You found it on level 9 of the Dungeon)
 K - a +2 leather armour of fire resistance
   (You took it off Joseph on level 7 of the Dungeon)
Magical Staves
 a - a staff of death {!a}
   (You found it on level 12 of the Dungeon)
 i - a staff of conjuration {!a}
   (You found it on level 1 of the Dungeon)
Jewellery
 c - the dreamdust necklace (around neck) {Acrobat}
   (You found it on level 4 of the Lair of Beasts)

   [amulet of the acrobat]

   It increases your evasion while moving and waiting.
 v - a ring of see invisible
   (You found it on level 5 of the Lair of Beasts)
 C - the ring "Atujowou" (left hand) {Fly rN+ MP+9 Dex+6}
   (You bought it in a shop on level 2 of the Orcish Mines)

   [ring of dexterity]

   Dex:       It affects your dexterity (+6).
   rN:        It protects you from negative energy.
   MP:        It affects your magic capacity (+9).
   Fly:       It grants you flight.
 I - a +6 ring of intelligence (right hand)
   (You acquired it on level 1 of the Lair of Beasts)
 L - a ring of flight
   (You found it on level 2 of the Lair of Beasts)
Wands
 r - a wand of iceblast (3)
   (You found it on level 1 of the Elven Halls)
 t - a wand of polymorph (23)
   (You found it on level 3 of the Dungeon)
 D - a wand of charming (22)
   (You found it on level 12 of the Dungeon)
 E - a wand of flame (4)
   (You found it on level 8 of the Dungeon)
 J - a wand of digging (8)
   (You found it on level 1 of the Lair of Beasts)
 U - a wand of acid (5)
   (You found it on level 8 of the Dungeon)
Scrolls
 l - a scroll of silence {!r}
 m - 5 scrolls of teleportation {@r4}
 u - 4 scrolls of vulnerability {!r!r}
 y - a scroll of torment {!r}
 B - a scroll of enchant weapon
 N - a scroll of fear
 O - a scroll of revelation
 T - a scroll of summoning
 V - 2 scrolls of enchant armour
 Y - 6 scrolls of fog
Potions
 b - 3 potions of magic
 d - 2 potions of haste {unknown}
 f - 2 potions of ambrosia
 j - 3 potions of curing {@q1}
 o - 4 potions of lignification {!q}
 q - 3 potions of might
 w - 4 potions of mutation {!q}
 z - 7 potions of brilliance
 G - 4 potions of cancellation
 M - 2 potions of enlightenment
 R - 2 potions of attraction {!q}
 Z - a potion of resistance
Miscellaneous
 e - a phantom mirror
   (You found it on level 10 of the Dungeon)
 A - a phial of floods
   (You found it on level 5 of the Lair of Beasts)
 S - a piece from Xom's chessboard (15/15)
   (You found it on level 3 of the Lair of Beasts)
 X - a condenser vane (inert)
   (You found it on level 1 of the Lair of Beasts)

Dungeon Overview and Level Annotations

Branches:
Dungeon (12/15) Zot: 25561  Temple (1/1) D:6 Zot: 5998    Lair (5/5) D:8 Zot: 23062
  Swamp (0/4) Lair:2        Snake (0/4) Lair:2        Slime (1/5) Lair:5 Zot: 5916
    Orc (2/2) D:10 Zot: 10331     Elf (1/3) Orc:2 Zot: 5763  Bailey (visited)
  IceCv (visited)

Altars:
Ashenzari
Cheibriados
Dithmenos
Fedhas
Gozag
Hepliaklqana
Kikubaaqudgha
Makhleb
Nemelex Xobeh
Qazlal
Ru
Sif Muna
Trog
Uskayaw
Vehumet
Wu Jian
Xom
Yredelemnul
Jiyva

Shops:
D:3 [   D:8 *   Orc:1 *   Orc:2 [(=?

.. .#.
..#...
#.....#
...#..
..#.$..
#.(....
.....e'##
#@## #EE##
#e..We#R##
.e.#eE###.##


E ☼W°e ##.## #.§W# ##.## ..e#W ##)##+## #...§ ##'...## #### #.....# You could
see the friendly Kammani the hexer, a deep elf archer (repels missiles, unable
to see you), a deep elf pyromancer (unable to see you, ally target), 2 deep elf
zephyrmancers, 2 fire elementals, a friendly shadow wraith (summoned,
invisible), a friendly phantasmal warrior (summoned), a friendly deep elf
zephyrmancer (summoned), a friendly fire elemental (summoned) and 2 friendly
wraiths.


Message History

The fire elemental hits you. The fire elemental burns you!
Kammani hits the fire elemental with a +0 dagger of draining! 😮 HP[-10] MP[+1]
You take 10 damage, and now have 58/81 hp.
Casting: Animate Dead (safe; 0% risk of failure)
Confirm with . or Enter, or press ? or * to list all spells.
Aiming: Haunt (dangerous; 4% risk of failure)
Press: ? - help, Dir - move target, f - deep elf pyromancer
Aim: a deep elf pyromancer, wielding a +0 rapier and wearing a +0 leather armour Insubstantial figures form in the air.
The fire elemental hits you. The fire elemental burns you!
Kammani hits the fire elemental but does no damage.
The fire elemental hits your freezing wraith.
The fire elemental burns your freezing wraith!
Your freezing wraith is burned terribly!
The deep elf archer gestures wildly while chanting.
The deep elf archer blinks!
Kammani hits the fire elemental with a +0 dagger of draining!
The fire elemental is destroyed!
The deep elf pyromancer hits your freezing wraith but does no damage. 😮 HP[-7] MP[-7]
You take 7 damage, and now have 51/81 hp.
You lost 7 mp, and now have 29/38 mp.
You are too injured to fight recklessly!
Unknown command.
You barely miss the deep elf archer.
Your headbutt misses the deep elf archer.
The fire elemental hits your freezing wraith.
The fire elemental burns your freezing wraith!
Your freezing wraith is burned terribly!
Kammani barely misses the fire elemental.
The deep elf archer unwields a +0 dagger.
The deep elf archer wields a +0 shortbow.
The deep elf archer shoots an arrow.
The arrow hits your phantasmal warrior!
Kammani hits the fire elemental with a +0 dagger of draining.
The fire elemental hits you. The fire elemental burns you!
The fire elemental hits your freezing wraith.
The fire elemental burns your freezing wraith!
Your freezing wraith is burned terribly!
Your phantasmal warrior gestures at the deep elf pyromancer.
Your phantasmal warrior blinks!
Your wraith closely misses the deep elf pyromancer.
The deep elf archer hits you with a +0 dagger.
Your freezing wraith is engulfed in blazing flames.
Your freezing wraith is destroyed!
Your freezing wraith disappears in a puff of smoke!
Your shadow wraith hits the fire elemental!
The deep elf pyromancer gestures wildly while chanting.
The deep elf pyromancer blinks! 😮 HP[-8]
You take 8 damage, and now have 43/81 hp.
Unknown command.
Unknown command.
You barely miss the deep elf archer.
Kammani closely misses the fire elemental.
The fire elemental hits you. The fire elemental burns you!
* * * LOW HITPOINT WARNING * * *
The deep elf archer gestures at you while chanting.
Your wraith easily resists.
Kammani hits the fire elemental with a +0 dagger of draining.
Your phantasmal warrior gestures at the deep elf pyromancer.
Your phantasmal warrior blinks!
The deep elf archer gestures wildly while chanting.
The deep elf archer blinks!
Your shadow wraith hits the deep elf zephyrmancer!!
Something hits your phantasmal warrior!
Your wraith closely misses the deep elf pyromancer.
The deep elf zephyrmancer gestures at you while chanting.
The bolt of lightning hits your phantasmal warrior!!
The bolt of lightning hits you!
* * * LOW HITPOINT WARNING * * *
You focus on the pain.
You feel very mighty all of a sudden. The bolt of lightning hits you!!
Your necklace shatters, unleashing a wave of protective dreams!
You dream of life, friendship, and clouds.
A deep elf zephyrmancer opens the door.
You hear a shout! x6
Unknown command.
Unknown command. 😱 HP[-42]
You take 42 damage, and now have 1/81 hp.
MASSIVE DAMAGE!! (PAUSE) Unknown command.
Okay, then.
Okay, then.
Okay, then.
Okay, then.
Press: ? - help, v - describe, . - travel
Here: a fire elemental (translocational energy, summoned, friendly)
The floor.
Press: ? - help, v - describe, . - travel
Here: a deep elf zephyrmancer, wielding a +0 long sword of draining and wearing a +0 scale mail The floor.
Unknown command.
Okay, then.
You fade into invisibility!
Kammani hits the fire elemental with a +0 dagger of draining.
The fire elemental hits you. The fire elemental burns you!
You die...

Skill      XL: |  1  2  3  4  5  6  7  8  9 10 11 12 13 14 |
---------------+-------------------------------------------+-----
Conjurations   | 5 7 8 |  8.2
Summonings     | 1 3 4 5 10 12 | 12.5
Spellcasting   | 3 4 6 7 9 10 | 10.8
Evocations     | 5 8 |  8.7
Poison Magic   | 5 |  5.0
Necromancy     | 3 5 10 15 18 | 18.7
Dodging        | |  1.7
Stealth        | |  1.7

Action                     |  1- 3 |  4- 6 |  7- 9 | 10-12 | 13-15 || total
---------------------------+-------+-------+-------+-------+-------++-------
  Melee: Unarmed           |     3 |       |       |       |       ||     3
         Short sword       |     6 |       |     6 |       |       ||    12
         Staff             |    19 |    19 |     8 |     7 |       ||    53
         Headbutt          |     2 |     2 |    16 |   101 |   205 ||   326
         Whip              |       |       |     2 |       |       ||     2
         Dagger            |       |       |    20 |   103 |   825 ||   948
         Quarterstaff      |       |       |     5 |   252 |       ||   257
         Punch             |       |       |     1 |     1 |     1 ||     3
   Cast: Magic Dart        |    67 |   134 |   283 |   269 |    12 ||   765
         Call Imp          |       |     5 |    25 |    14 |     2 ||    46
         Mephitic Cloud    |       |     2 |    18 |    44 |    20 ||    84
         Necrotise         |       |       |       |    19 |     3 ||    22
         Borgnjor's Vile C |       |       |       |     1 |    12 ||    13
         Animate Dead      |       |       |       |       |    24 ||    24
         Death Channel     |       |       |       |       |    11 ||    11
         Haunt             |       |       |       |       |     6 ||     6
         Anguish           |       |       |       |       |     1 ||     1
 Invoke: Ancestor Identity |       |       |       |     1 |       ||     1
         Recall Ancestor   |       |       |       |     3 |     2 ||     5
         Ancestor Life: He |       |       |       |     1 |       ||     1
  Evoke: Wand              |       |       |     3 |    28 |     3 ||    34
         Phantom mirror    |       |       |       |     2 |     1 ||     3
         Condenser vane    |       |       |       |       |     2 ||     2
    Use: Potion            |       |     1 |     4 |     2 |     3 ||    10
         Scroll            |       |       |     9 |    15 |    13 ||    37
   Stab: Sleeping          |     3 |       |       |     1 |     1 ||     5
         Confused          |       |       |     3 |    16 |    12 ||    31
         Distracted        |       |       |       |     4 |    12 ||    16
         Paralysed         |       |       |       |       |     4 ||     4
 Armour: Robe              |     5 |     8 |    33 |    51 |       ||    97
         Troll leather arm |       |       |       |   189 |   423 ||   612
  Dodge: Dodged            |    23 |    26 |   118 |   387 |   539 ||  1093

Levels and vault maps discovered:
D:1:      minmay_arrival_shattered_statue, layout_loops_ring
D:2:      layout_basic
D:3:      minmay_octagon_keep, layout_rooms, mainiacjoe_overflow_brackets,
          serial_shops, nicolae_shop_real_fake_doors,
          chequers_serial_rivers_micro_d, minmay_statues_item
D:4:      layout_loops_ring, grunt_gozag_statues, uniq_natasha
D:5:      layout_loops_ring, hex_large, water_maze_lemuel, uniq_duvessa
D:6:      layout_cave_pools, nicolae_overflow_crystal_walls,
          minmay_temple_entry_junction_2, uniq_maggie, uniq_crazy_yiuf_cottage,
          uniq_edmund
D:7:      layout_cave_pools, gammafunk_temple_overflow_wave,
          chequers_temple_overflow_statue_of_worship, uniq_joseph, uniq_pikel
D:8:      layout_basic, nicolae_overflow_hidden_temple,
          nicolae_elyvilon_temple_path, lair_entry_dummy, serial_shops,
          nicolae_shop_tiny_glass, eino_tiny_chamber
D:9:      layout_basic, mainiacjoe_overflow_concentric_impassable,
          chequers_serial_rivers_micro_c, uniq_grum
D:10:     layout_irregular_city, grunt_temple_overflow_growth_and_decay,
          enter_bailey_5
D:11:     nicolae_cairo_tiling_very_big, layout_gridville, minmay_misc_feat_x,
          nicolae_qazlal_eye_of_the_storm, uniq_gastronok
D:12:     layout_cross, minmay_nine_imps
Temple:   dpeg_chambers_temple
Lair:1:   dreamdust_isle_of_ice, layout_cave_pods, portal_ice_cave_rime,
          beast_lair_carwin_10
Lair:2:   layout_big_grid, nicolae_swamp_entry_splash_gauntlet,
          guppyfry_snake_entry_garden
Lair:3:   layout_long_grid, nzn_masters_of_martial_movement
Lair:4:   layout_layer_cave, minmay_shattered_shrine
Lair:5:   cheibrodos_lair_end_hotspot, layout_cave_pods, slime_entry_1,
          gauntlet_entry_generic
Slime:1:  layout_caves, cheibrodos_slime_lost_civilization_5
Orc:1:    layout_caves, nicolae_orc_damp_corner, nicolae_shop_clearance,
          uniq_sonja
Orc:2:    grunt_orc_community_town_hall, layout_diamond_mine,
          grunt_orc_community_big_house_2, grunt_orc_community_big_house_2,
          grunt_orc_community_house_3, grunt_orc_community_house_3,
          grunt_orc_community_house_2, grunt_orc_community_house_3,
          grunt_orc_community_house_1, grunt_orc_community_house_1,
          kennysheep_orc_sif_temple
Elf:1:    layout_geoelf_grid, minmay_elf_sorcery

Notes
Turn   | Place    | Note
-------+----------+-------------------------------------------
     0 | D:1      | Aradia the Demonspawn Conjurer began the quest for the Orb.
     0 | D:1      | Reached XP level 1. HP: 13/13 MP: 3/3
     0 | D:1      | magus.rc [v1.11.6]
   358 | D:1      | Gained mutation: You have a pair of small horns on your
                  | head. [demonic ancestry]
   358 | D:1      | Reached XP level 2. HP: 19/19 MP: 1/5
   588 | D:1      | You add the spells Call Imp and Mephitic Cloud to your
                  | library.
   592 | D:1      | Learned a level 2 spell: Call Imp
  1327 | D:2      | Reached skill level 5 in Conjurations
  1327 | D:2      | Gained mutation: You regenerate a little health from kills.
                  | [demonic ancestry]
  1327 | D:2      | Reached XP level 3. HP: 22/24 MP: 0/6
  1619 | D:2      | Learned a level 3 spell: Mephitic Cloud
  1942 | D:2      | Reached skill level 1 in Summonings
  2478 | D:3      | Found Qiero's Armour Shoppe.
  2567 | D:3      | Gained mutation: You have a pair of horns on your head.
                  | [demonic ancestry]
  2567 | D:3      | Reached XP level 4. HP: 30/30 MP: 3/7
  2643 | D:3      | Reached skill level 2 in Summonings
  2896 | D:3      | HP: 6/30 [gnoll/+2 flail of protection (12)]
  2903 | D:3      | HP: 6/30 [gnoll/+2 flail of protection (2)]
  2940 | D:3      | Reached skill level 3 in Summonings
  3241 | D:3      | Gained mutation: You have a pair of large horns on your
                  | head. [demonic ancestry]
  3241 | D:3      | Reached XP level 5. HP: 35/35 MP: 4/8
  3581 | D:4      | Reached skill level 4 in Summonings
  3675 | D:4      | Noticed Natasha
  3678 | D:4      | Killed Natasha
  3864 | D:4      | Noticed Natasha
  3868 | D:4      | Killed Natasha
  4093 | D:4      | Reached skill level 3 in Spellcasting
  4188 | D:4      | Found an opulent altar of Gozag.
  4213 | D:4      | Noticed Natasha
  4219 | D:4      | Killed Natasha
  4220 | D:4      | Reached XP level 6. HP: 41/41 MP: 3/11
  4488 | D:5      | Entered Level 5 of the Dungeon
  4672 | D:5      | Reached skill level 4 in Spellcasting
  5133 | D:5      | Gained mutation: You are partially covered in slimy green
                  | scales. (AC +2) [demonic ancestry]
  5133 | D:5      | Reached XP level 7. HP: 40/46 MP: 4/14
  5394 | D:5      | Reached skill level 6 in Conjurations
  5645 | D:5      | Noticed Dowan
  5680 | D:5      | Noticed Duvessa
  5757 | D:5      | Killed Duvessa
  5758 | D:5      | Reached skill level 7 in Conjurations
  5763 | D:5      | Killed Dowan
  5877 | D:5      | Gained mutation: You regenerate health from kills. [demonic
                  | ancestry]
  5877 | D:5      | Reached XP level 8. HP: 47/52 MP: 5/15
  5955 | D:5      | Reached skill level 8 in Conjurations
  6799 | D:6      | Reached skill level 5 in Summonings
  7070 | D:6      | Found a runed translucent door.
  7071 | D:6      | Noticed Crazy Yiuf
  7128 | D:6      | Found a shadowy altar of Dithmenos.
  7207 | D:6      | HP: 5/52 [Crazy Yiuf/+4 quarterstaff of chaos (13)]
  7218 | D:6      | Killed Crazy Yiuf
  7219 | D:6      | Reached skill level 1 in Evocations
  7416 | D:6      | Found a staircase to the Ecumenical Temple.
  7440 | Temple   | Entered the Ecumenical Temple
  7579 | D:6      | Noticed Edmund
  7588 | D:6      | Noticed Maggie
  7626 | D:5      | Killed Edmund
  7627 | D:5      | Reached skill level 3 in Evocations
  7700 | D:6      | Maggie changed into Maggie the water moccasin
  7700 | D:6      | Noticed Maggie
  7707 | D:6      | Killed Maggie the water moccasin
  7806 | D:6      | Reached skill level 4 in Evocations
  8161 | D:7      | Reached skill level 5 in Evocations
  8244 | D:7      | Noticed Pikel
  8314 | D:6      | Killed Pikel
  8315 | D:6      | Reached skill level 6 in Spellcasting
  8315 | D:6      | Reached XP level 9. HP: 48/57 MP: 1/18
  8475 | D:7      | Noticed Joseph
  8487 | D:7      | Killed Joseph
  8488 | D:7      | Reached skill level 7 in Spellcasting
  8584 | D:7      | Found a snail-covered altar of Cheibriados.
  8584 | D:7      | Found a stormy altar of Qazlal.
  8669 | D:7      | HP: 14/57 [steam dragon/ball of steam (20)]
  8675 | D:7      | HP: 13/57 [steam dragon (4)]
  8682 | D:7      | Reached skill level 2 in Poison Magic
  8932 | D:7      | Found a broken altar of Ashenzari.
  8934 | D:7      | Found a shimmering blue altar of Sif Muna.
  9128 | D:7      | magus.rc [v1.11.6]
  9206 | D:8      | Reached skill level 3 in Poison Magic
  9469 | D:8      | Reached skill level 4 in Poison Magic
  9669 | D:8      | Reached skill level 5 in Poison Magic
 10636 | D:8      | Found Ifonion's Assorted Antiques.
 10682 | D:8      | Bought a scroll of identify for 46 gold pieces
 10682 | D:8      | Bought a scroll of identify for 46 gold pieces
 10723 | D:8      | Found a staircase to the Lair.
 10841 | D:9      | Noticed Grum
 10849 | D:9      | Killed Grum
 10850 | D:9      | Gained mutation: You regenerate a lot of health from kills.
                  | [demonic ancestry]
 10850 | D:9      | Reached XP level 10. HP: 63/63 MP: 11/21
 10861 | D:9      | Reached skill level 6 in Evocations
 11070 | D:9      | Found a hazy altar of Hepliaklqana.
 11109 | D:9      | Became a worshipper of Hepliaklqana the Forgotten
 11348 | D:9      | Noticed a two-headed ogre
 11410 | D:9      | Killed a two-headed ogre
 11411 | D:9      | Reached skill level 7 in Evocations
 11531 | D:9      | Reached skill level 8 in Evocations
 11535 | D:9      | Reached skill level 8 in Spellcasting
 11541 | D:9      | Reached skill level 9 in Spellcasting
 12046 | D:10     | Entered Level 10 of the Dungeon
 12168 | D:10     | You add the spells Haunt, Borgnjor's Revivification and
                  | Death's Door to your library.
 12177 | D:10     | Learned a level 7 spell: Haunt
 12196 | D:10     | Reached * piety under Hepliaklqana
 12221 | D:10     | Reached skill level 1 in Necromancy
 12418 | D:10     | Found a flagged portal.
 12452 | D:10     | Reached skill level 2 in Necromancy
 12464 | Bailey   | Entered a bailey
 12504 | Bailey   | Reached skill level 3 in Necromancy
 12504 | Bailey   | Reached XP level 11. HP: 53/61 MP: 12/24
 12670 | Bailey   | Reached skill level 4 in Necromancy
 12841 | Bailey   | Noticed a two-headed ogre
 12868 | Bailey   | Killed a two-headed ogre
 12869 | Bailey   | Reached skill level 5 in Necromancy
 13105 | D:10     | Found a staircase to the Orcish Mines.
 13300 | D:10     | Found a blossoming altar of Fedhas.
 13303 | D:10     | Found an ancient bone altar of Kikubaaqudgha.
 13594 | D:11     | You add the spells Freeze, Frozen Ramparts and Hailstorm to
                  | your library.
 13687 | D:11     | Noticed a two-headed ogre
 13694 | D:11     | Killed a two-headed ogre
 13695 | D:11     | Reached skill level 6 in Summonings
 13811 | D:11     | Noticed Gastronok
 13822 | D:11     | HP: 3/61 [Gastronok/the air (34)]
 13919 | D:11     | Reached ** piety under Hepliaklqana
 13920 | D:11     | Remembered your ancestor Kammani as a hexer
 14083 | D:11     | Reached skill level 7 in Summonings
 14132 | D:11     | Killed Gastronok
 14133 | D:11     | Reached skill level 8 in Summonings
 14376 | D:11     | You fall into a shaft and drop 1 floor!
 14587 | D:12     | Reached skill level 9 in Summonings
 14821 | D:12     | Noticed a boulder beetle
 14822 | D:12     | Noticed a two-headed ogre
 14864 | D:12     | Killed a boulder beetle
 14881 | D:12     | Killed a two-headed ogre
 14882 | D:12     | Reached skill level 10 in Summonings
 14898 | D:12     | Reached XP level 12. HP: 66/66 MP: 8/25
 15501 | Orc:1    | Entered Level 1 of the Orcish Mines
 15501 | Orc:1    | Noticed Sonja
 15595 | Lair:1   | Entered Level 1 of the Lair of Beasts
 15636 | D:8      | Reached skill level 11 in Summonings
 15803 | Lair:1   | Identified 2 scrolls of acquirement
 15803 | Lair:1   | Acquired a +6 ring of intelligence
 15809 | Lair:1   | Reached *** piety under Hepliaklqana
 15874 | Lair:1   | You add the spells Necrotise, Summon Small Mammal and
                  | Apportation to your library.
 15877 | Lair:1   | Learned a level 1 spell: Necrotise
 15972 | Lair:1   | Reached skill level 12 in Summonings
 15977 | Lair:1   | Found a frozen archway.
 15987 | Lair:1   | Noticed a four-headed hydra
 15993 | Lair:1   | Killed a four-headed hydra
 16000 | IceCv    | Entered an ice cave
 16063 | IceCv    | HP: 14/66 [troll simulacrum (11)]
 16194 | IceCv    | Reached skill level 6 in Necromancy
 16563 | IceCv    | Reached skill level 7 in Necromancy
 16813 | IceCv    | Noticed a reaper
 16818 | IceCv    | Killed a reaper
 16819 | IceCv    | Reached skill level 8 in Necromancy
 16843 | IceCv    | You add the spells Kiss of Death, Lee's Rapid
                  | Deconstruction, Borgnjor's Vile Clutch and Fire Storm to
                  | your library.
 16843 | IceCv    | Got the Tome of Tectonic Blasts
 16850 | IceCv    | Learned a level 5 spell: Borgnjor's Vile Clutch
 17080 | Lair:1   | Acquired 722 gold pieces
 17331 | Lair:1   | Reached skill level 9 in Necromancy
 17601 | Lair:1   | Identified the +6 chain mail of Lies {Harm +Inv rN+ Int+4}
 17605 | Lair:1   | Noticed a death yak
 17666 | Lair:1   | Killed a death yak
 17667 | Lair:1   | Reached skill level 10 in Necromancy
 18119 | Lair:1   | HP: 16/66 [ice beast[an ice statue] (3)]
 18127 | Lair:1   | HP: 15/66 [ice beast[an ice statue] (4)]
 18215 | Lair:1   | HP: 14/66 [ice beast[an ice statue] (4)]
 18342 | Lair:2   | Gained mutation: You sometimes gain a little power by
                  | taking damage. [demonic ancestry]
 18342 | Lair:2   | Reached XP level 13. HP: 71/71 MP: 16/26
 18417 | Lair:2   | Reached **** piety under Hepliaklqana
 18432 | Lair:2   | Identified the +3 dagger "Onyab" {elec, Int+5 Dex-2}
 18603 | Lair:2   | Found a staircase to the Snake Pit.
 18739 | Lair:2   | You add the spells Animate Dead and Death Channel to your
                  | library.
 18745 | Lair:2   | Learned a level 4 spell: Animate Dead
 18752 | Lair:2   | Learned a level 6 spell: Death Channel
 18842 | Lair:2   | Reached skill level 11 in Necromancy
 19022 | Lair:2   | Found a staircase to the Swamp.
 19030 | Lair:2   | HP: 10/71 [bog body (12)]
 19277 | Lair:3   | Reached skill level 12 in Necromancy
 19322 | Lair:3   | Reached ***** piety under Hepliaklqana
 19368 | Lair:3   | Found an ornate altar of the Wu Jian Council.
 19600 | Lair:3   | Reached skill level 13 in Necromancy
 19805 | Lair:3   | Found a hide-covered altar of Uskayaw.
 19909 | Lair:4   | Found the dreamshard necklace {Acrobat *Dream}
 20059 | Lair:4   | Reached skill level 14 in Necromancy
 20161 | Lair:4   | You add the spell Volatile Blastmotes to your library.
 20431 | Lair:4   | You add the spells Scorch, Flame Wave and Summon Cactus
                  | Giant to your library.
 20567 | Lair:4   | You add the spell Alistair's Intoxication to your library.
 21015 | Lair:4   | Reached skill level 15 in Necromancy
 21245 | Lair:5   | Entered Level 5 of the Lair of Beasts
 21258 | Lair:4   | HP: 15/71 [cane toad (16)]
 21262 | Lair:4   | HP: 7/71 [poisoned by a cane toad]
 21267 | Lair:3   | HP: 6/71 [poisoned by a cane toad]
 21425 | Lair:5   | Gained mutation: You are mostly covered in slimy green
                  | scales. (AC +3) [demonic ancestry]
 21425 | Lair:5   | Reached XP level 14. HP: 50/76 MP: 19/27
 21426 | Lair:5   | Identified the +2 robe of the Forest {rPois Str+4 Dex-5}
 21473 | Lair:5   | Reached skill level 16 in Necromancy
 21534 | Lair:5   | HP: 18/76 [torpor snail (12)]
 21707 | Lair:5   | Found a gate leading to a gauntlet.
 21839 | Lair:5   | You add the spells Anguish, Cause Fear and Enfeeble to your
                  | library.
 21842 | Lair:5   | Found a staircase to the Slime Pits.
 21843 | Lair:5   | Found a viscous altar of Jiyva.
 21859 | Lair:5   | Reached skill level 17 in Necromancy
 22028 | Lair:5   | Learned a level 4 spell: Anguish
 22206 | Lair:5   | HP: 16/76 [komodo dragon (15)]
 22262 | Lair:5   | Found a large runed translucent door.
 22264 | Lair:5   | Found a large runed translucent door.
 22442 | Lair:5   | Reached skill level 18 in Necromancy
 23151 | Lair:5   | HP: 19/76 [fire dragon/blast of flame (57)]
 23299 | Slime:1  | Entered Level 1 of the Pits of Slime
 23356 | Slime:1  | Noticed an azure jelly
 23662 | Orc:1    | Killed Sonja
 23695 | Orc:1    | Found Idilom's CLEARANCE SALE!.
 23965 | Orc:2    | Entered Level 2 of the Orcish Mines
 24022 | Orc:2    | Found a staircase to the Elven Halls.
 24189 | Orc:2    | Noticed an orc warlord
 24214 | Orc:2    | Found Qein Zif's Antique Armour Emporium.
 24217 | Orc:2    | Killed an orc warlord
 24227 | Orc:2    | Found Ochak's Antique Weapon Shoppe.
 24252 | Orc:2    | Bought a steaming ring mail for 252 gold pieces
 24252 | Orc:2    | Identified the +3 ring mail "Neofohidgh" {Contam rPois
                  | Will+ Str+2} (You bought it in a shop on level 2 of the
                  | Orcish Mines)
 24291 | Orc:2    | Reached skill level 10 in Spellcasting
 24308 | Orc:2    | Bought a pair of runed boots for 210 gold pieces
 24538 | Orc:2    | Found a shimmering blue altar of Sif Muna.
 24704 | Orc:2    | Found Ceapsoyn's Jewellery Shop.
 24709 | Orc:2    | Bought the ring "Atujowou" {Fly rN+ MP+9 Dex+6} for 1023
                  | gold pieces
 25035 | Orc:2    | Found Sulliedgh's Magic Scroll Emporium.
 25040 | Orc:2    | Bought a scroll of identify for 36 gold pieces
 25040 | Orc:2    | Bought a scroll of revelation for 135 gold pieces
 25040 | Orc:2    | Bought a scroll of identify for 36 gold pieces
 25213 | Elf:1    | Entered Level 1 of the Elven Halls
 25294 | Elf:1    | Reached XP level 15. HP: 79/81 MP: 29/29
 25415 | Elf:1    | You add the spells Vhi's Electric Charge, Arcjolt and
                  | Plasma Beam to your library.
 25438 | Elf:1    | HP: 19/81 [deep elf zephyrmancer/bolt of lightning (17)]
 25439 | Elf:1    | Mangled by a fire elemental

Vanquished Creatures
  An orc warlord (Orc:2)
  A reaper (IceCv)
  A hydra (Lair:5)
  A boulder beetle (D:12)
  3 two-headed ogres
  3 death yaks
  Sonja (Orc:1)
  2 skysharks
  2 bog bodies (Lair:2)
  Pikel (D:6)
  A lindwurm (Lair:5)
  An orc knight (Orc:2)
  2 deep elf pyromancers (Elf:1)
  A manticore (D:12)
  3 black mambas
  2 ice statues
  2 elephants (Lair:4)
  Joseph (D:7)
  2 torpor snails
  A molten gargoyle (Lair:5)
  An unseen horror (D:11)
  4 cane toads
  4 komodo dragons
  3 rime drakes
  3 trolls
  A polar bear (Lair:1)
  3 blink frogs
  2 slime creatures (D:12)
  4 spriggans (Bailey)
  A black mamba zombie (Lair:5)
  4 wyverns
  Grum (D:9)
  2 dire elephant simulacra (IceCv)
  2 steam dragons
  40 yaks
  2 vampire mosquitoes (D:10)
  A death yak simulacrum (IceCv)
  Edmund (D:5)
  2 wargs (Orc:2)
  A harpy simulacrum (IceCv)
  A naga (Lair:2)
  8 water moccasins
  A two-headed ogre zombie (Orc:2)
  2 hell hounds (Lair:5)
  A hydra simulacrum (IceCv)
  Duvessa (D:5)
  4 black bears
  23 orc warriors
  10 ogres
  3 centaurs
  A phantom (D:5)
  4 wolves (D:9)
  6 kobold brigands
  6 bullfrogs
  An entropy weaver simulacrum (Lair:1)
  2 cane toad simulacra (IceCv)
  6 two-headed ogre simulacra (IceCv)
  A scorpion (D:5)
  5 wights (D:8)
  Dowan (D:5)
  3 elephant simulacra (IceCv)
  A warg zombie (Orc:1)
  3 killer bees (D:9)
  3 howler monkeys (D:10)
  3 electric eels
  2 hexers
  3 crimson imps (D:12)
  2 lava snakes (Lair:5)
  3 hounds
  A jelly (D:7)
  14 orc priests
  A sleepcap (D:5)
  Crazy Yiuf (D:6)
  A gnoll bouda (D:5)
  6 iguanas
  2 ancestors
  Natasha (thrice) (D:4)
  19 orc wizards
  2 spriggan simulacra
  3 troll simulacra (IceCv)
  5 polar bear simulacra
  8 gnolls
  5 adders
  3 naga simulacra
  2 shadow imps
  11 white imps
  5 ufetubi
  2 worms
  3 dart slugs
  52 orcs
  5 bats
  8 endoplasms
  3 giant cockroaches
  11 goblins
  2 hobgoblins
  4 quokkas
  5 ball pythons
  4 frilled lizards
  26 kobolds
  2 orc zombies (Orc:2)
  6 rats
449 creatures vanquished.

Vanquished Creatures (collateral kills)
  Gastronok (D:11)
  3 hydras
  A catoblepas (Lair:5)
  2 two-headed ogres
  A boulder beetle (Lair:3)
  3 death yaks (Lair:5)
  A bog body (Lair:2)
  A deep elf zephyrmancer (Elf:1)
  A deep elf pyromancer (Elf:1)
  A deep elf archer (Elf:1)
  An orc knight (Orc:2)
  A manticore (D:12)
  2 cyclopes (D:12)
  An orc sorcerer (Orc:1)
  An oklob plant (Lair:3)
  7 elephants
  3 black mambas
  A torpor snail (Lair:4)
  2 molten gargoyles (Lair:5)
  3 cane toads
  6 rime drakes
  11 komodo dragons
  3 trolls
  3 ice devils (Lair:1)
  8 blink frogs
  3 slime creatures (D:12)
  34 yaks
  5 wyverns
  A water elemental (Elf:1)
  A fire elemental (Elf:1)
  2 steam dragons
  3 basilisks
  A death yak simulacrum (IceCv)
  2 swamp worms (Lair:2)
  An acid dragon (Bailey)
  5 water moccasins
  3 hell hounds (Lair:5)
  11 orc warriors
  5 black bears
  4 ogres
  3 wolves (Lair:1)
  2 bullfrogs (Lair:3)
  A kobold brigand (D:11)
  3 two-headed ogre simulacra
  3 cane toad simulacra
  4 crimson imps (D:12)
  2 lava snakes (Lair:5)
  4 orc priests
  8 orc wizards
  A spriggan simulacrum (IceCv)
  A polar bear simulacrum (IceCv)
  2 naga simulacra (IceCv)
  A white imp (IceCv)
  An ufetubus (IceCv)
  27 orcs
  A goblin (D:10)
  4 kobolds
217 creatures vanquished.

Vanquished Creatures (others)
  A fire dragon (Lair:5)
  2 death yak zombies (Lair:5)
  A black mamba zombie (Lair:5)
  A warg (Orc:1)
  A cane toad zombie (Lair:4)
  A rime drake zombie (Lair:5)
  2 wyvern zombies (Lair:5)
  A hell hound zombie (Lair:5)
  2 komodo dragon zombies (Lair:5)
  A water moccasin zombie (Lair:4)
  12 yak zombies
  A troll zombie (Orc:1)
  3 ancestors
  19 hexers
  2 ogre zombies (Orc:1)
  3 lava snake zombies (Lair:5)
  10 orc zombies
63 creatures vanquished.

Grand Total: 729 creatures vanquished

Table legend:
 A = Non-vault XP
 B = Vault XP
 C = Vault XP percentage of total XP
 D = Non-vault monster count
 E = Vault monster count
 F = Vault count percentage of total count
                 A         B        C        D         E       F
            +---------+---------+-------+---------+---------+-------
      Total |   65664 |   39169 |  37.4 |     413 |     246 |  37.3
            +---------+---------+-------+---------+---------+-------
        D:1 |      32 |       0 |   0.0 |      19 |       0 |   0.0
        D:2 |      47 |       0 |   0.0 |      19 |       0 |   0.0
        D:3 |     136 |      23 |  14.5 |      15 |      10 |  40.0
        D:4 |     149 |      35 |  19.0 |      15 |       1 |   6.2
        D:5 |    1209 |     377 |  23.8 |      34 |       3 |   8.1
        D:6 |     300 |     842 |  73.7 |      13 |       3 |  18.8
        D:7 |     496 |     439 |  47.0 |       6 |       1 |  14.3
        D:8 |    2527 |     256 |   9.2 |      34 |       2 |   5.6
        D:9 |    4114 |     658 |  13.8 |      26 |       5 |  16.1
       D:10 |    1100 |       7 |   0.6 |      18 |       4 |  18.2
       D:11 |    2247 |    1570 |  41.1 |      11 |       1 |   8.3
       D:12 |    5131 |     370 |   6.7 |      14 |       9 |  39.1
     Lair:1 |    3395 |    5463 |  61.7 |      11 |      27 |  71.1
     Lair:2 |    2046 |    2569 |  55.7 |       7 |       7 |  50.0
     Lair:3 |    6914 |     810 |  10.5 |      27 |       1 |   3.6
     Lair:4 |    9023 |    3895 |  30.2 |      36 |       8 |  18.2
     Lair:5 |   17568 |    8659 |  33.0 |      50 |      28 |  35.9
      Orc:1 |    2153 |     785 |  26.7 |      21 |       1 |   4.5
      Orc:2 |    3572 |    5741 |  61.6 |      30 |      75 |  71.4
      Elf:1 |    3505 |       0 |   0.0 |       7 |       0 |   0.0
     Bailey |       0 |    2368 | 100.0 |       0 |      10 | 100.0
      IceCv |       0 |    4302 | 100.0 |       0 |      50 | 100.0
            +---------+---------+-------+---------+---------+-------

Skill      XL: |  1  2  3  4  5  6  7  8  9 10 11 12 13 14 |
---------------+-------------------------------------------+-----
Conjurations   | 5 7 8 |  8.2
Summonings     | 1 3 4 5 10 12 | 12.5
Spellcasting   | 3 4 6 7 9 10 | 10.8
Evocations     | 5 8 |  8.7
Poison Magic   | 5 |  5.0
Necromancy     | 3 5 10 15 18 | 18.7
Dodging        | |  1.7
Stealth        | |  1.7

Action                     |  1- 3 |  4- 6 |  7- 9 | 10-12 | 13-15 || total
---------------------------+-------+-------+-------+-------+-------++-------
  Melee: Unarmed           |     3 |       |       |       |       ||     3
         Short sword       |     6 |       |     6 |       |       ||    12
         Staff             |    19 |    19 |     8 |     7 |       ||    53
         Headbutt          |     2 |     2 |    16 |   101 |   205 ||   326
         Whip              |       |       |     2 |       |       ||     2
         Dagger            |       |       |    20 |   103 |   825 ||   948
         Quarterstaff      |       |       |     5 |   252 |       ||   257
         Punch             |       |       |     1 |     1 |     1 ||     3
   Cast: Magic Dart        |    67 |   134 |   283 |   269 |    12 ||   765
         Call Imp          |       |     5 |    25 |    14 |     2 ||    46
         Mephitic Cloud    |       |     2 |    18 |    44 |    20 ||    84
         Necrotise         |       |       |       |    19 |     3 ||    22
         Borgnjor's Vile C |       |       |       |     1 |    12 ||    13
         Animate Dead      |       |       |       |       |    24 ||    24
         Death Channel     |       |       |       |       |    11 ||    11
         Haunt             |       |       |       |       |     6 ||     6
         Anguish           |       |       |       |       |     1 ||     1
 Invoke: Ancestor Identity |       |       |       |     1 |       ||     1
         Recall Ancestor   |       |       |       |     3 |     2 ||     5
         Ancestor Life: He |       |       |       |     1 |       ||     1
  Evoke: Wand              |       |       |     3 |    28 |     3 ||    34
         Phantom mirror    |       |       |       |     2 |     1 ||     3
         Condenser vane    |       |       |       |       |     2 ||     2
    Use: Potion            |       |     1 |     4 |     2 |     3 ||    10
         Scroll            |       |       |     9 |    15 |    13 ||    37
   Stab: Sleeping          |     3 |       |       |     1 |     1 ||     5
         Confused          |       |       |     3 |    16 |    12 ||    31
         Distracted        |       |       |       |     4 |    12 ||    16
         Paralysed         |       |       |       |       |     4 ||     4
 Armour: Robe              |     5 |     8 |    33 |    51 |       ||    97
         Troll leather arm |       |       |       |   189 |   423 ||   612
  Dodge: Dodged            |    23 |    26 |   118 |   387 |   539 ||  1093

Illustrated notes

Table legend:
 A = Kills in this place as a percentage of kills in the entire game.
 B = Kills by you in this place as a percentage of kills by you in the entire game.
 C = Kills by friends in this place as a percentage of kills by friends in the entire game.
 D = Other kills in this place as a percentage of other kills in the entire game.
 E = Experience gained in this place as a percentage of experience gained in the entire game.
 F = Experience gained in this place divided by the number of levels of this place that you have seen.
                   A       B       C       D       E      F
               +-------+-------+-------+-------+-------+----------------------
         Total | 100.0 | 100.0 | 100.0 | 100.0 | 100.0 | 4368.0
       Dungeon |  39.9 |  55.3 |  12.9 |  30.8 |  21.0 | 1838.8
          Lair |  30.7 |  17.4 |  55.3 |  30.8 |  57.6 | 12068.4
  Orcish Mines |  19.3 |  15.6 |  24.0 |  30.8 |  11.7 | 6125.5
   Elven Halls |   1.1 |   0.5 |   2.3 |   0.0 |   3.3 | 3505.0
        Bailey |   1.5 |   1.7 |   0.5 |   5.1 |   2.3 | 2368.0
      Ice Cave |   7.6 |   9.4 |   5.1 |   2.6 |   4.1 | 4302.0
               +-------+-------+-------+-------+-------+----------------------

Table legend: (Time is in decaauts)
 A = Elapsed time spent in this place.
 B = Non-inter-level travel time spent in this place.
 C = Inter-level travel time spent in this place.
 D = Time resting spent in this place.
 E = Time spent auto-exploring this place.
 F = Levels seen in this place.
 G = Mean time per level.
                   A        B        C        D        E       F      G
               +--------+--------+--------+--------+--------+-----+--------+
         Total |  25708 |  24717 |    991 |   1582 |  16365 |  24 | 1071.2 |
       Dungeon |  15210 |  14576 |    634 |    934 |  10603 |  12 | 1267.5 |
        Temple |      1 |      1 |      0 |      0 |      0 |   1 |    1.0 |
          Lair |   6937 |   6638 |    299 |    240 |   4122 |   5 | 1387.4 |
    Slime Pits |     83 |     83 |      0 |      0 |      3 |   1 |   83.0 |
  Orcish Mines |   1668 |   1611 |     57 |      0 |    984 |   2 |  834.0 |
   Elven Halls |    235 |    235 |      0 |      0 |    163 |   1 |  235.0 |
        Bailey |    645 |    645 |      0 |    215 |    130 |   1 |  645.0 |
      Ice Cave |    925 |    925 |      0 |    193 |    357 |   1 |  925.0 |
               +--------+--------+--------+--------+--------+-----+--------+

Top non-repeatable levels by time:
     D:5: 2377 daAuts
  Lair:5: 1918 daAuts
     D:8: 1904 daAuts
  Lair:1: 1770 daAuts
     D:6: 1485 daAuts
  Lair:4: 1429 daAuts
   Orc:2: 1249 daAuts
     D:9: 1240 daAuts
     D:2: 1161 daAuts
     D:1: 1161 daAuts
     D:3: 1148 daAuts
    D:12: 1076 daAuts
     D:4: 1022 daAuts
  Lair:2: 997 daAuts
    D:10: 944 daAuts
